 Dungeon Crawl Stone Soup version 0.20.0-8-g6b59dc7 (webtiles) character file.

208 Pikken the Cutter (level 6, -10/38 HPs)
             Began as a Kobold Fighter on May 31, 2017.
             Killed from afar by an oklob plant (11 damage)
             ... with a splash of acid
             ... created by the enmity of Fedhas Madash
             ... on level 3 of the Dungeon.
             The game lasted 00:14:02 (2000 turns).

Pikken the Cutter (Kobold Fighter)                  Turns: 2000, Time: 00:14:03

Health: -10/38     AC:  6    Str: 15    XL:     6   Next: 11%
Magic:  0/6        EV:  4    Int: 10    God:
Gold:   92         SH:  9    Dex: 17    Spells: 5/5 levels left

rFire    + . .     SeeInvis .   a - +0 rapier
rCold    . . .     Gourm    .   c - +0 shield
rNeg     . . .     Faith    .   m - +0 plate armour
rPois    .         Spirit   +   (no helmet)
rElec    .         Reflect  .   q - scarf {Spirit}
rCorr    .         Harm     .   j - +2 pair of gloves {Dex+3}
MR       .....                  (no boots)
Stlth    ..........             (no amulet)
Regen    0.2/turn               l - ring of protection from fire
MPRegen  0.1/turn               (no ring)

@: about to teleport, corroded
A: carnivore 3
a: no special abilities


You were on level 3 of the Dungeon.
You were very full.

You visited 1 branch of the dungeon, and saw 3 of its levels.

You collected 92 gold pieces.

Inventory:

Hand Weapons
 a - a +0 rapier (weapon)
Armour
 b - a +0 scale mail
 c - a +0 shield (worn)
 j - a +2 pair of gloves of dexterity (worn)
 m - a +0 plate armour (worn)
 q - a scarf of spirit shield (worn)
Jewellery
 l - a ring of protection from fire (left hand)
Scrolls
 e - a scroll of remove curse
 i - 3 scrolls of amnesia
Potions
 d - a potion of might
 h - a potion of curing
 k - a potion of brilliance
 n - 2 potions of haste {unknown}
Comestibles
 f - 2 meat rations
 g - 2 royal jellies


   Skills:
 + Level 4.0 Fighting
 + Level 5.0 Short Blades
 + Level 3.0 Armour
 + Level 1.9 Dodging
 - Level 0.4 Stealth
 + Level 3.2 Shields


You had 5 spell levels left.
You didn't know any spells.

Dungeon Overview and Level Annotations

Branches:
Dungeon (3/15)

Altars:
Dithmenos
Fedhas

Annotations:
D:3 exclusion: 2 oklob plants


Innate Abilities, Weirdness & Mutations

You are small and have problems with some larger weapons.
You are carnivorous and can eat meat at any time.


Message History

The splash of acid hits you! The acid corrodes you!
You are splashed with acid!
The acid burns!
You hit the oklob plant but do no damage.
The oklob plant is moderately damaged.
The kobold hits you but does no damage. The oklob plant spits acid at you.
The splash of acid hits you! The acid corrodes you!
You are splashed with acid!
The acid burns!
The oklob plant spits acid at you. The splash of acid hits you!
You are splashed with acid!
The acid burns!
* * * LOW HITPOINT WARNING * * *
Unknown command.
As you read the scroll of teleportation, it crumbles to dust.
You feel strangely unstable. The kobold hits you but does no damage.
You are too injured to fight recklessly!
You are too injured to fight recklessly!
You hit the kobold but do no damage. The kobold hits you but does no damage.
The oklob plant spits acid at you. The splash of acid hits you!
You die...

..........###.##
###.......##...######
###..#.#.....#......#
###
.........###...####.##
#..
###..#.#.####.####...#
#.# #...............#
.## #.#
####.#.####.##.## #.#
#.# ###..........P..K#
#.# #.#
..#.####...#####@##
##.###.######
..#.####...#
#.P###...........#
.......#.>.#
###.f.#.##.....#.#
..#.##.#...#
##...........#.#
..#.##.....#
####.##.....#.#
###.#####..#
#.##.%...#†# # #.#
#..# #......###.#
###.#####..# ######.#
#.# ..†........# #.#
#.#


You could see 2 oklob plants, a wandering mushroom and a kobold.

Vanquished Creatures
  A bullfrog (D:3)
  The ghost of Laan the Cudgeler, a weakling GrFi (D:3)
  5 adders
  3 worms
  2 dart slugs
  2 giant cockroaches
  7 goblins
  7 hobgoblins
  3 jackals
  A quokka (D:3)
  A ball python (D:1)
  7 bats
  4 frilled lizards
  6 rats
50 creatures vanquished.

Notes
Turn   | Place    | Note
-------+----------+-------------------------------------------
     0 | D:1      | Pikken the Kobold Fighter began the quest for the Orb.
     0 | D:1      | Reached XP level 1. HP: 14/14 MP: 1/1
    75 | D:1      | Reached XP level 2. HP: 12/19 MP: 2/2
   274 | D:1      | Reached skill level 3 in Short Blades
   613 | D:1      | Reached skill level 1 in Dodging
   613 | D:1      | Reached XP level 3. HP: 13/23 MP: 3/3
  1270 | D:2      | Found a shadowy altar of Dithmenos.
  1281 | D:2      | Reached XP level 4. HP: 25/29 MP: 4/4
  1731 | D:3      | Found a faded altar of an unknown god.
  1734 | D:3      | Noticed Laan's ghost (weakling GrFi)
  1738 | D:3      | Killed Laan's ghost
  1738 | D:3      | Reached skill level 4 in Short Blades
  1738 | D:3      | Reached XP level 5. HP: 33/33 MP: 5/5
  1750 | D:3      | Became a worshipper of Fedhas Madash
  1750 | D:3      | Reached * piety under Fedhas
  1751 | D:3      | Fell from the grace of Fedhas
  1849 | D:3      | Noticed a bullfrog
  1857 | D:3      | Killed a bullfrog
  1857 | D:3      | Reached XP level 6. HP: 34/38 MP: 4/6
  1971 | D:3      | Reached skill level 5 in Short Blades
  1995 | D:3      | Noticed an oklob plant
  1995 | D:3      | Noticed a wandering mushroom
  1995 | D:3      | Noticed an oklob plant
  1998 | D:3      | HP: 1/38 [acid[the enmity of Fedhas Madash] (11)]
  2000 | D:3      | Killed from afar by an oklob plant

Skill      XL: |  1  2  3  4  5  6 |
---------------+-------------------+-----
Short Blades   | 3 4 5 |  5.0
Dodging        | 1 |  1.9
Shields        | 3 |  3.2
Armour         | 3 |  3.0
Fighting       | 4 |  4.0
Stealth        | |  0.4

Action                   |  1- 3 |  4- 6 || total
-------------------------+-------+-------++-------
Melee: Rapier            |   112 |    98 ||   210
Invok: Renounce Religion |       |     1 ||     1
  Use: Scroll            |     4 |     2 ||     6
       Potion            |     3 |     2 ||     5
  Eat: Chunk             |     5 |     5 ||    10
Armor: Scale mail        |    34 |     9 ||    43
       Plate armour      |       |    35 ||    35
Dodge: Dodged            |    31 |    16 ||    47
Block: Shield            |    56 |    50 ||   106
